 Dungeon Crawl Stone Soup version 0.22.0-75-g3901e7991e (webtiles) character file.

135 Revguard the Stinger (level 4, 0/22 HPs)
             Began as a Spriggan Venom Mage on Sept 15, 2018.
             Slain by a kobold (2 damage)
             ... on level 3 of the Dungeon.
             The game lasted 00:15:51 (2351 turns).

Revguard the Stinger (Spriggan Venom Mage)          Turns: 2351, Time: 00:15:52

Health: 0/22       AC:  4    Str:  4    XL:     4   Next: 96%
Magic:  10/10      EV: 18    Int: 16    God:
Gold:   79         SH:  0    Dex: 17    Spells: 0/10 levels left

rFire    . . .     SeeInvis +   i - +0 spear
rCold    . . .     Gourm    .   (shield restricted)
rNeg     . . .     Faith    .   a - +0 robe
rPois    .         Spirit   .   d - +2 hat
rElec    .         Reflect  .   (no cloak)
rCorr    .         Harm     .   (gloves unavailable)
MR       .....                  (boots unavailable)
Stlth    ++........             (no amulet)
HPRegen  0.07/turn              (no ring)
MPRegen  0.12/turn              (no ring)

@: very quick
A: very small, unfitting armour, see invisible, herbivore, speed 3, slow
metabolism 2
a: no special abilities


You were on level 3 of the Dungeon.
You were hungry.

You visited 1 branch of the dungeon, and saw 3 of its levels.

You collected 79 gold pieces.

Inventory:

Hand Weapons
 i - a +0 spear (weapon)
Armour
 a - a +0 robe (worn)
 d - a +2 hat (worn)
Scrolls
 e - 6 scrolls of teleportation
 h - a scroll of amnesia
 j - a scroll of identify
 l - a scroll of remove curse
 n - a scroll of enchant armour {unknown}
Potions
 b - a potion of magic {unknown}
 f - 2 potions of flight {unknown}
 g - a potion of degeneration {unknown}
 k - a potion of brilliance {unknown}
 m - a potion of might {unknown}
Comestibles
 c - 3 rations


   Skills:
 * Level 1.1 Fighting
 * Level 1.1 Polearms
 + Level 3.3 Dodging
 + Level 3.1 Stealth
 + Level 3.8 Spellcasting
 + Level 0.6 Conjurations
 + Level 0.4 Air Magic
 + Level 4.1 Poison Magic


You couldn't memorise any spells.
You knew the following spells:

 Your Spells              Type           Power        Failure   Level  Hunger
a - Sting                 Conj/Pois      ##..         6%          1    None
b - Poisonous Vapours     Pois/Air       ##....       10%         2    ##.....
c - Mephitic Cloud        Conj/Pois/Air  #.......     26%         3    ###....
d - Olgreb's Toxic Radia  Pois           ###.....     30%         4    ####...

Your spell library contained the following spells:

 Spells                   Type           Power        Failure   Level  Hunger
 Venom Bolt               Conj/Pois      ##........   87%         5    ######.


Dungeon Overview and Level Annotations

Branches:
Dungeon (3/15)

Altars:
Makhleb
Okawaru
Ru


Innate Abilities, Weirdness & Mutations

You are very small and have problems with some larger weapons.
You are too small for most types of armour.
You have supernaturally acute eyesight. (SInv)
You are a herbivore.
You cover ground extremely quickly.
You need to consume almost no food.


Message History

The kobold closely misses you. The kobold closely misses you.
The kobold hits you but does no damage. The kobold misses you.
The kobold closely misses you. The kobold hits you.
* * * LOW HITPOINT WARNING * * *
The kobold misses you. The kobold barely misses you.
The kobold hits you but does no damage. The kobold misses you.
The kobold barely misses you. The kobold barely misses you.
The kobold barely misses you. The kobold closely misses you.
The kobold closely misses you. The kobold misses you.
The kobold hits you but does no damage. The kobold hits you.
You die...

#.####.....<..!..........# #.#
##..............$#### ## ..#
##.....!........# ##... .##
###......<......##...##
#######..........)).[........
...#(.....................###
##......#.............#####
##..##..(..........(..##
...#.......(...K@......#
#...........)..........##########
..#...........####.(.............
###.......###...............†....
###.......##.......####.$.....$..
..................)....$.........
..............####.##............
..#...#.###.....##.##............
..# . .%.#..lhg....<......?.


You could see a kobold.

Vanquished Creatures
  Terence (D:3)
  Robin (D:3)
  2 adders
  A gnoll (D:1)
  A dart slug (D:1)
  A leopard gecko (D:3)
  An orc (D:3)
  A ball python (D:3)
  3 giant cockroaches
  16 goblins
  10 hobgoblins
  7 jackals
  5 bats
  4 kobolds
  7 rats
61 creatures vanquished.

Notes
Turn   | Place    | Note
-------+----------+-------------------------------------------
     0 | D:1      | Revguard the Spriggan Venom Mage began the quest for the
                  | Orb.
     0 | D:1      | Reached XP level 1. HP: 9/9 MP: 5/5
    79 | D:1      | Reached XP level 2. HP: 8/13 MP: 1/6
   134 | D:1      | Learned a level 2 spell: Poisonous Vapours
   685 | D:2      | Reached XP level 3. HP: 17/17 MP: 3/8
   760 | D:2      | Found a sacrificial altar of Ru.
  1306 | D:3      | Noticed Terence
  1312 | D:3      | Found an iron altar of Okawaru.
  1349 | D:3      | Killed Terence
  1349 | D:3      | Reached skill level 4 in Poison Magic
  1349 | D:3      | Reached XP level 4. HP: 14/21 MP: 4/10
  1389 | D:3      | Noticed Robin
  1747 | D:3      | Learned a level 3 spell: Mephitic Cloud
  1752 | D:3      | Learned a level 4 spell: Olgreb's Toxic Radiance
  1774 | D:3      | Reached skill level 1 in Fighting
  1834 | D:3      | Found a burning altar of Makhleb.
  1969 | D:3      | Reached skill level 1 in Polearms
  2087 | D:3      | Killed Robin
  2339 | D:3      | HP: 1/22 [kobold (2)]
  2351 | D:3      | Slain by a kobold

Skill      XL: |  1  2  3  4 |
---------------+-------------+-----
Spellcasting   | 3 |  3.8
Poison Magic   | 4 |  4.1
Fighting       | 1 |  1.1
Polearms       | 1 |  1.1
Dodging        | |  3.3
Stealth        | |  3.1
Conjurations   | |  0.6
Air Magic      | |  0.4

Action                   |  1- 3 |  4- 6 || total
-------------------------+-------+-------++-------
Melee: Unarmed           |    10 |       ||    10
       Spear             |    31 |    77 ||   108
 Cast: Sting             |    13 |    12 ||    25
       Poisonous Vapours |    20 |     9 ||    29
       Mephitic Cloud    |       |     3 ||     3
  Use: Scroll            |     2 |     2 ||     4
 Stab: Sleeping          |     2 |       ||     2
Armor: Robe              |     4 |    34 ||    38
Dodge: Dodged            |    54 |   176 ||   230
